[ AOE2 MATCH · #463143339 ]
UnrankedBurgundians vs Chinese
Rival team · LOSS
[ REPLAY ANALYSIS · EXTRACTED FROM THE RECORDED GAME ]
Feudal
12:10
Castle
17:08
Imperial
38:08
| APM avg | 22.7 |
| APM peak | 52 |
| eAPM avg | 14.5 |
| Villagers / military | 171 / 634 |
Focus
⚔️ 38.6% · 🌾 61.4%
Scout Cavalry ×221 · Knight ×205 · Skirmisher ×158 · Fire Galley ×17 · Demolition Raft ×7 · Fishing Ship ×6
Feudal
11:38
Castle
18:38
Imperial
32:21
| APM avg | 66.2 |
| APM peak | 114 |
| eAPM avg | 37.7 |
| Villagers / military | 184 / 272 |
Focus
⚔️ 28.0% · 🌾 72.0%
Archer ×94 · Fire Galley ×38 · Demolition Raft ×32 · Fishing Ship ×31 · Chu Ko Nu ×22 · Galley ×21
Match map
Initial resources + every placement click. Lines = walls · curves = elevation contours. ◆ gold · ⬟ stone · ● berries · ✦ relic · ◌ wall gap
Your base· Open — unwalled flank
ChampofHorde's base· Open — unwalled flank
Smoothed initial terrain · ◌ = detected wall gap · hover for details
Inputs per minute
— priiit - - ChampofHorde
Build order — priiit
First 150 of 650 actions detected
| 0:01 | Create | Villager (Male) |
| 0:01 | Create | Villager (Male) |
| 0:01 | Create | Villager (Male) |
| 0:02 | Create | Villager (Male) |
| 0:04 | Build | House |
| 0:06 | Build | House |
| 0:10 | Research | Loom |
| 0:10 | Create | Villager (Male) |
| 0:11 | Create | Villager (Male) |
| 0:11 | Create | Villager (Male) |
| 1:05 | Create | Villager (Male) |
| 1:52 | Create | Villager (Male) |
| 1:52 | Create | Villager (Male) |
| 2:18 | Create | Villager (Male) |
| 2:49 | Build | Lumber Camp |
| 3:01 | Create | Villager (Male) |
| 3:11 | Build | House |
| 3:38 | Create | Villager (Male) |
| 4:31 | Create | Villager (Male) |
| 4:31 | Create | Villager (Male) |
| 4:44 | Create | Villager (Male) |
| 4:44 | Create | Villager (Male) |
| 5:27 | Create | Villager (Male) |
| 5:28 | Create | Villager (Male) |
| 5:54 | Create | Villager (Male) |
| 5:56 | Build | House |
| 6:08 | Research | Double-Bit Axe |
| 6:40 | Create | Villager (Male) |
| 8:18 | Create | Villager (Male) |
| 8:19 | Create | Villager (Male) |
| 8:27 | Build | Dock |
| 8:36 | Create | Villager (Male) |
| 9:03 | Create | Villager (Male) |
| 9:12 | Build | House |
| 9:13 | Build | House |
| 9:18 | Create | Fishing Ship |
| 9:52 | Create | Fishing Ship |
| 9:57 | Create | Villager (Male) |
| 10:00 | Research | Feudal Age |
| 10:06 | Build | Mining Camp |
| 10:56 | Create | Villager (Male) |
| 10:56 | Create | Villager (Male) |
| 11:08 | Build | Mill |
| 11:40 | Create | Fishing Ship |
| 12:10 | Age | Feudal Age |
| 12:26 | Build | Blacksmith |
| 12:50 | Create | Villager (Male) |
| 13:28 | Build | Market |
| 13:33 | Create | Villager (Male) |
| 13:58 | Build | Palisade Wall |
| 13:59 | Build | Palisade Wall |
| 14:19 | Create | Villager (Male) |
| 14:27 | Research | Castle Age |
| 14:40 | Build | Barracks |
| 14:48 | Build | House |
| 14:50 | Build | House |
| 14:52 | Build | House |
| 15:02 | Create | Villager (Male) |
| 15:03 | Create | Villager (Male) |
| 15:30 | Create | Spearman |
| 15:32 | Create | Spearman |
| 15:46 | Create | Villager (Male) |
| 15:57 | Build | Stable |
| 16:02 | Build | House |
| 16:03 | Build | House |
| 16:05 | Build | House |
| 16:06 | Build | House |
| 16:42 | Build | Mining Camp |
| 17:04 | Build | Farm |
| 17:05 | Build | Farm |
| 17:05 | Build | Farm |
| 17:08 | Research | Horse Collar |
| 17:08 | Age | Castle Age |
| 17:30 | Research | Cavalier (upgrade) |
| 18:13 | Create | Knight |
| 18:15 | Create | Knight |
| 18:16 | Create | Villager (Male) |
| 18:20 | Create | Villager (Male) |
| 18:25 | Create | Fire Galley |
| 18:37 | Build | Town Center |
| 19:19 | Create | Villager (Male) |
| 19:45 | Create | Villager (Male) |
| 19:46 | Create | Villager (Male) |
| 19:56 | Build | Monastery |
| 20:15 | Create | Knight |
| 20:21 | Create | Villager (Male) |
| 20:21 | Create | Villager (Male) |
| 20:26 | Create | Villager (Male) |
| 20:39 | Build | Town Center |
| 21:16 | Create | Monk |
| 21:20 | Create | Villager (Male) |
| 21:20 | Create | Villager (Male) |
| 21:20 | Create | Villager (Male) |
| 21:37 | Build | House |
| 21:38 | Build | House |
| 21:39 | Build | House |
| 21:40 | Build | House |
| 21:41 | Build | House |
| 21:43 | Create | Villager (Male) |
| 21:49 | Build | Farm |
| 21:57 | Build | Farm |
| 21:58 | Build | Farm |
| 21:58 | Build | Farm |
| 21:58 | Build | Farm |
| 21:59 | Build | Farm |
| 21:59 | Build | Farm |
| 22:00 | Build | Farm |
| 22:03 | Create | Villager (Male) |
| 22:03 | Create | Villager (Male) |
| 22:27 | Create | Villager (Male) |
| 22:28 | Create | Villager (Male) |
| 22:34 | Build | Farm |
| 22:36 | Build | Farm |
| 22:39 | Build | Farm |
| 23:04 | Create | Knight |
| 23:27 | Create | Knight |
| 23:27 | Create | Knight |
| 23:31 | Create | Villager (Male) |
| 23:31 | Create | Villager (Male) |
| 23:39 | Build | Siege Workshop |
| 23:56 | Create | Villager (Male) |
| 23:56 | Create | Villager (Male) |
| 24:00 | Build | Farm |
| 24:01 | Build | Farm |
| 25:01 | Create | Villager (Male) |
| 25:01 | Create | Villager (Male) |
| 25:02 | Create | Villager (Male) |
| 25:02 | Create | Villager (Male) |
| 25:02 | Create | Villager (Male) |
| 25:15 | Create | Knight |
| 25:15 | Create | Knight |
| 25:17 | Create | Villager (Male) |
| 25:17 | Create | Villager (Male) |
| 25:20 | Build | Farm |
| 25:21 | Build | Farm |
| 25:21 | Build | Farm |
| 25:22 | Build | Farm |
| 25:26 | Create | Villager (Male) |
| 25:26 | Create | Villager (Male) |
| 25:36 | Create | Mangonel |
| 25:39 | Create | Villager (Male) |
| 25:39 | Create | Villager (Male) |
| 26:11 | Create | Villager (Male) |
| 26:11 | Create | Villager (Male) |
| 26:12 | Create | Villager (Male) |
| 26:23 | Create | Villager (Male) |
| 26:24 | Create | Villager (Male) |
| 26:28 | Create | Villager (Male) |
| 26:28 | Create | Villager (Male) |
| 26:32 | Build | Farm |
Build order — ChampofHorde
First 150 of 655 actions detected
| 0:12 | Research | Loom |
| 0:38 | Create | Villager (Male) |
| 0:38 | Create | Villager (Male) |
| 1:05 | Create | Villager (Male) |
| 1:44 | Create | Villager (Male) |
| 2:13 | Create | Villager (Male) |
| 2:13 | Create | Villager (Male) |
| 3:15 | Build | Lumber Camp |
| 3:21 | Create | Villager (Male) |
| 3:22 | Create | Villager (Male) |
| 3:32 | Create | Villager (Male) |
| 3:32 | Create | Villager (Male) |
| 3:47 | Create | Villager (Male) |
| 3:47 | Create | Villager (Male) |
| 4:14 | Build | House |
| 5:29 | Create | Villager (Male) |
| 5:47 | Create | Villager (Male) |
| 5:59 | Create | Villager (Male) |
| 6:02 | Create | Villager (Male) |
| 6:07 | Build | Dock |
| 6:14 | Build | House |
| 6:16 | Create | Villager (Male) |
| 6:39 | Create | Villager (Male) |
| 6:56 | Create | Villager (Male) |
| 7:06 | Create | Villager (Male) |
| 7:20 | Create | Villager (Male) |
| 7:31 | Create | Villager (Male) |
| 7:41 | Create | Fishing Ship |
| 7:41 | Create | Fishing Ship |
| 8:21 | Build | Mill |
| 8:24 | Build | House |
| 8:32 | Build | House |
| 8:34 | Build | Palisade Wall |
| 8:35 | Build | Palisade Wall |
| 8:54 | Create | Villager (Male) |
| 9:27 | Research | Feudal Age |
| 9:47 | Create | Fishing Ship |
| 10:29 | Build | Lumber Camp |
| 10:49 | Create | Fishing Ship |
| 11:10 | Build | Mining Camp |
| 11:21 | Build | Barracks |
| 11:38 | Age | Feudal Age |
| 11:42 | Research | Double-Bit Axe |
| 11:49 | Create | Villager (Male) |
| 12:00 | Build | House |
| 12:01 | Create | Villager (Male) |
| 12:20 | Create | Unit 2626 |
| 12:23 | Create | Villager (Male) |
| 12:36 | Create | Villager (Male) |
| 12:50 | Build | Dock |
| 12:53 | Build | House |
| 12:55 | Build | Palisade Wall |
| 13:00 | Create | Villager (Male) |
| 13:07 | Create | Unit 2626 |
| 13:23 | Build | Palisade Wall |
| 13:24 | Build | Palisade Wall |
| 13:29 | Build | Palisade Wall |
| 13:29 | Build | Palisade Wall |
| 13:30 | Build | Palisade Wall |
| 13:30 | Build | Palisade Wall |
| 13:43 | Create | Villager (Male) |
| 13:58 | Create | Villager (Male) |
| 14:02 | Create | Demolition Raft |
| 14:04 | Research | Tech 906 |
| 14:17 | Create | Villager (Male) |
| 14:21 | Create | Villager (Male) |
| 14:35 | Build | Archery Range |
| 14:39 | Research | Gold Mining |
| 14:50 | Build | Market |
| 15:03 | Create | Galley |
| 15:08 | Build | House |
| 15:24 | Create | Fishing Ship |
| 15:24 | Create | Fishing Ship |
| 15:43 | Research | Horse Collar |
| 15:46 | Build | Farm |
| 15:46 | Build | Farm |
| 15:51 | Create | Villager (Male) |
| 15:58 | Research | Castle Age |
| 15:58 | Research | Castle Age |
| 16:21 | Build | Farm |
| 16:22 | Build | Farm |
| 16:30 | Create | Villager (Male) |
| 16:33 | Build | Farm |
| 16:35 | Build | Farm |
| 16:37 | Build | Farm |
| 16:40 | Create | Archer |
| 16:54 | Build | Blacksmith |
| 17:06 | Create | Villager (Male) |
| 17:10 | Create | Fishing Ship |
| 17:16 | Build | House |
| 17:39 | Create | Galley |
| 17:40 | Create | Villager (Male) |
| 17:49 | Create | Villager (Male) |
| 17:51 | Create | Archer |
| 17:53 | Create | Villager (Male) |
| 18:11 | Build | House |
| 18:15 | Create | Villager (Male) |
| 18:16 | Research | Gold Mining |
| 18:32 | Build | Dock |
| 18:36 | Create | Fishing Ship |
| 18:36 | Create | Fishing Ship |
| 18:37 | Create | Villager (Male) |
| 18:38 | Age | Castle Age |
| 18:53 | Research | Fletching |
| 18:57 | Build | House |
| 19:01 | Build | House |
| 19:17 | Build | House |
| 19:26 | Build | House |
| 19:27 | Build | House |
| 19:29 | Create | Villager (Male) |
| 19:29 | Create | Villager (Male) |
| 19:35 | Create | Archer |
| 19:44 | Create | Archer |
| 19:44 | Create | Archer |
| 19:48 | Research | Crossbowman (upgrade) |
| 19:48 | Create | Archer |
| 20:00 | Create | Villager (Male) |
| 20:03 | Build | Farm |
| 20:06 | Research | Heavy Plow |
| 20:10 | Research | Bow Saw |
| 20:11 | Create | Villager (Male) |
| 20:19 | Build | House |
| 20:21 | Build | House |
| 20:22 | Build | House |
| 20:32 | Create | Demolition Raft |
| 20:42 | Build | House |
| 20:45 | Build | House |
| 20:46 | Build | Palisade Wall |
| 20:49 | Build | Palisade Wall |
| 21:13 | Create | Villager (Male) |
| 21:25 | Research | Bodkin Arrow |
| 21:29 | Create | Archer |
| 21:29 | Create | Archer |
| 21:37 | Create | Villager (Male) |
| 21:44 | Create | Fishing Ship |
| 21:50 | Create | Villager (Male) |
| 21:57 | Build | House |
| 21:58 | Build | House |
| 22:08 | Create | Archer |
| 22:17 | Build | House |
| 22:24 | Build | House |
| 22:33 | Create | Villager (Male) |
| 22:41 | Create | Villager (Male) |
| 22:47 | Build | Monastery |
| 23:00 | Create | Galley |
| 23:16 | Create | Villager (Male) |
| 23:18 | Build | Farm |
| 23:18 | Build | Farm |
| 23:26 | Create | Fishing Ship |
| 23:26 | Create | Fishing Ship |
Match timeline
| 6:07 | ChampofHorde · first_building Dock |
| 8:27 | priiit · first_building Dock |
| 8:34 | ChampofHorde · wall_segment Palisade Wall x1 |
| 8:35 | ChampofHorde · wall_segment Palisade Wall x1 |
| 11:21 | ChampofHorde · first_building Barracks |
| 11:38 | ChampofHorde · age_up feudal |
| 12:10 | priiit · age_up feudal |
| 12:55 | ChampofHorde · wall_segment Palisade Wall x1 |
| 13:23 | ChampofHorde · wall_segment Palisade Wall x1 |
| 13:24 | ChampofHorde · wall_segment Palisade Wall x1 |
| 13:29 | ChampofHorde · wall_segment Palisade Wall x1 |
| 13:29 | ChampofHorde · wall_segment Palisade Wall x1 |
| 13:30 | ChampofHorde · wall_segment Palisade Wall x1 |
| 13:30 | ChampofHorde · wall_segment Palisade Wall x1 |
| 13:58 | priiit · wall_segment Palisade Wall x1 |
| 13:59 | priiit · wall_segment Palisade Wall x1 |
| 14:35 | ChampofHorde · first_building Archery Range |
| 14:40 | priiit · first_building Barracks |
| 15:57 | priiit · first_building Stable |
| 17:08 | priiit · age_up castle |
| 18:38 | ChampofHorde · age_up castle |
| 19:56 | priiit · first_building Monastery |
| 20:46 | ChampofHorde · wall_segment Palisade Wall x1 |
| 20:49 | ChampofHorde · wall_segment Palisade Wall x1 |
| 22:47 | ChampofHorde · first_building Monastery |
| 23:39 | priiit · first_building Siege Workshop |
| 28:44 | priiit · first_building Castle |
| 30:16 | ChampofHorde · first_market_buy 100 stone |
| 32:21 | ChampofHorde · age_up imperial |
| 32:23 | ChampofHorde · first_market_sell 100 food |
| 32:39 | ChampofHorde · first_building Castle |
| 34:33 | priiit · first_market_sell 100 wood |
| 36:35 | priiit · first_building Archery Range |
| 38:08 | priiit · age_up imperial |
| 41:58 | ChampofHorde · wall_segment Stone Wall x1 |
| 58:27 | ChampofHorde · wall_segment Stone Wall x1 |
| 58:30 | ChampofHorde · wall_segment Stone Wall x1 |
| 65:37 | priiit · first_market_buy 100 stone |
| 74:21 | ChampofHorde · wall_segment Stone Wall x1 |
| 74:24 | ChampofHorde · wall_segment Stone Wall x1 |
| 76:43 | ChampofHorde · first_building Stable |
| 82:08 | ChampofHorde · resign |
[ AI ANALYSIS · 1 CREDIT ]
What really happened in this match?
Wolo.gg analyzes every decision: build order, eco, micro, common mistakes by bracket. Personalized analysis on WhatsApp or Discord in 30 seconds.
Civ guide
Burgundians
Perfil
Jugador #4526400